 Dungeon Crawl Stone Soup version 0.22.0-25-g7663229 (webtiles) character file.

1472 NormalPerson7T the Geomancer (level 9, -5/51 HPs)
             Began as a Halfling Earth Elementalist on Aug 20, 2018.
             Was a Believer of Elyvilon.
             Slain by an orc
             ... wielding a +0 mace
              (6 damage)
             ... on level 5 of the Dungeon.
             The game lasted 00:10:41 (8920 turns).

NormalPerson7T the Geomancer (HaEE)                 Turns: 8920, Time: 00:10:42

Health: -5/51      AC:  5    Str:  9    XL:     9   Next: 6%
Magic:  11/12      EV: 15    Int: 16    God:    Elyvilon [**....]
Gold:   252        SH:  0    Dex: 15    Spells: 3/12 levels left

rFire    . . .     SeeInvis .   h - +0 dagger (venom)
rCold    . . .     Gourm    .   (shield restricted)
rNeg     . . .     Faith    .   c - +0 robe
rPois    .         Spirit   .   v - +0 helmet (curse)
rElec    .         Reflect  .   l - +0 cloak
rCorr    .         Harm     .   (no gloves)
MR       .....                  r - +0 pair of boots
Stlth    ++........             (no amulet)
HPRegen  0.17/turn              (no ring)
MPRegen  0.13/turn              (no ring)

@: no status effects
A: small, mutation resistance 1
a: Lesser Healing, Heal Other, Divine Protection, Renounce Religion


You were on level 5 of the Dungeon.
You worshipped Elyvilon.
Elyvilon was pleased with you.
You were hungry.

You visited 1 branch of the dungeon, and saw 6 of its levels.

You collected 252 gold pieces.

Inventory:

Hand Weapons
 h - a +0 dagger of venom (weapon)
Missiles
 b - 79 stones (quivered)
Armour
 c - a +0 robe (worn)
 l - a +0 cloak (worn)
 r - a +0 pair of boots (worn)
 v - a cursed +0 helmet (worn)
 x - a +1 helmet
Jewellery
 n - a cursed -6 ring of dexterity {unknown}
 y - an uncursed amulet of faith {unknown}
Wands
 t - a wand of flame (27)
Scrolls
 a - 9 scrolls of identify {unknown}
 d - a scroll of random uselessness {unknown}
 f - 2 scrolls of fear {unknown}
 g - 4 scrolls of remove curse {unknown}
 k - a scroll of enchant armour {unknown}
 o - a scroll of teleportation {unknown}
 q - 2 scrolls of amnesia {unknown}
 u - 3 scrolls of magic mapping {unknown}
 z - a scroll of noise {unknown}
Potions
 i - 3 potions of brilliance {unknown}
 j - 3 potions of curing {unknown}
 m - 2 potions of lignification {unknown}
 p - a potion of mutation {unknown}
 s - a potion of berserk rage {unknown}
Comestibles
 e - 8 rations


   Skills:
 - Level 2.1 Dodging
 - Level 2.1 Stealth
 - Level 2.0 Spellcasting
 - Level 2.4 Conjurations
   Level 0.5 Transmutations
 * Level 10.3 Earth Magic


You had 3 spell levels left.
You knew the following spells:

 Your Spells              Type           Power        Failure   Level  Hunger
a - Sandblast             Erth           ####..       1%          1    #......
b - Stone Arrow           Conj/Erth      ###...       4%          3    ###....
d - Lee's Rapid Deconstr  Erth           ####......   9%          5    ######.

Your spell library contained the following spells:

 Spells                   Type           Power        Failure   Level  Hunger
 Passwall                 Tmut/Erth      ###.....     3%          2    ###....
 Flame Tongue             Conj/Fire      #....        13%         1    #......
 Throw Flame              Conj/Fire      #.....       19%         2    ###....
 Conjure Flame            Conj/Fire      #.......     36%         3    ###....
 Inner Flame              Hex/Fire       #.......     52%         3    ###....
 Petrify                  Tmut/Erth      ###.....     22%         4    #####..
 Sticky Flame             Conj/Fire      #.......     77%         4    #####..
 Fireball                 Conj/Fire      #.........   98%         5    ######.


Dungeon Overview and Level Annotations

Branches:
Dungeon (6/15)
 Temple: D:4-7

Altars:
Elyvilon
Hepliaklqana
Okawaru
Trog

Shops:
D:5 [


Innate Abilities, Weirdness & Mutations

You are small and have problems with some larger weapons.
You are somewhat resistant to further mutation.


Message History

* * * LOW HITPOINT WARNING * * *
The orc misses you.
Okay, then.
Unknown command.
Casting: Sandblast (safe; 1% risk of failure)
Confirm with . or Enter, or press ? or * to list all spells.
Aiming: Sandblast (safe; 1% risk of failure)
Press: ? - help, Shift-Dir - straight line, f/p - orc
Aim: an orc, wielding a mace and wearing a scale mail (moderately wounded)
Okay, then.
Casting: Sandblast (safe; 1% risk of failure)
Confirm with . or Enter, or press ? or * to list all spells.
Aiming: Sandblast (safe; 1% risk of failure)
Press: ? - help, Shift-Dir - straight line, f/p - orc
Aim: an orc, wielding a mace and wearing a scale mail (moderately wounded)
The blast of sand hits the orc.
The orc is moderately wounded.
b - 79 stones The orc barely misses you.
The orc hits you with a mace.
You die...

#.#.#### #.# ##...## # #.#....##
#.###.....### #####.......##
#.##...[...## .............##
#.#.........[
#####.........#######............
#.................)..............
#.###..........#######.#.......#.
#.# #........#.#######.##.....##.
#.###.......##.o@o..##.###...###.
...##..#...###.####.##.# ##### #.
.........#####.# #.##.# #.
..........<....# #.##.#########.
..###.......#### #..............
#####.##....# ####.##########
......##.##.# #)#≈≈≈####
............# #.≈≈≈≈≈..###
###.####.#### #...∩≈≈#.##.


You could see 2 orcs.

Vanquished Creatures
  Grinder (D:5)
  3 sky beasts
  An ogre (D:5)
  Blork the orc (D:5)
  A gnoll sergeant (D:6)
  2 crimson imps
  5 orc wizards
  2 orc priests
  3 iguanas (D:5)
  6 worker ants
  A killer bee zombie (D:6)
  A worker ant zombie (D:5)
  A howler monkey skeleton (D:6)
  7 adders
  7 gnolls
  A shadow imp (D:5)
  An ooze (D:3)
  An adder skeleton (D:4)
  3 worms (D:2)
  A dart slug (D:1)
  6 leopard geckos
  11 orcs
  3 giant cockroaches
  8 goblins
  6 hobgoblins
  10 jackals
  2 quokkas (D:3)
  3 ball pythons
  8 bats
  5 frilled lizards
  A giant cockroach zombie (D:5)
  9 kobolds
  A quokka skeleton (D:4)
  8 rats
130 creatures vanquished.

Notes
Turn   | Place    | Note
-------+----------+-------------------------------------------
     0 | D:1      | NormalPerson7T the Halfling Earth Elementalist began the quest for the Orb.
     0 | D:1      | Reached XP level 1. HP: 11/11 MP: 3/3
   544 | D:1      | Reached XP level 2. HP: 15/17 MP: 1/4
  1064 | D:1      | Reached XP level 3. HP: 21/21 MP: 0/5
  1389 | D:2      | Reached skill level 4 in Earth Magic
  1492 | D:2      | Learned a level 3 spell: Stone Arrow
  2118 | D:2      | Reached XP level 4. HP: 27/27 MP: 5/7
  2213 | D:2      | Found a white marble altar of Elyvilon.
  2248 | D:2      | Became a worshipper of Elyvilon the Healer
  2294 | D:2      | Found an iron altar of Okawaru.
  2910 | D:2      | Reached skill level 1 in Conjurations
  2910 | D:2      | Reached XP level 5. HP: 3/31 MP: 8/8
  3482 | D:3      | Reached skill level 5 in Earth Magic
  4162 | D:4      | Reached XP level 6. HP: 26/36 MP: 9/9
  4356 | D:4      | Reached * piety under Elyvilon
  4876 | D:4      | Noticed a sky beast
  4901 | D:4      | Killed a sky beast
  4901 | D:4      | Reached skill level 6 in Earth Magic
  4901 | D:4      | Reached XP level 7. HP: 25/41 MP: 10/10
  5182 | D:5      | Entered Level 5 of the Dungeon
  5193 | D:4      | Learned a level 5 spell: Lee's Rapid Deconstruction
  5759 | D:5      | Noticed Grinder
  5764 | D:5      | Noticed Blork the orc
  5869 | D:5      | Reached skill level 7 in Earth Magic
  6056 | D:5      | Killed Blork the orc
  6467 | D:5      | Found Negh's Armour Boutique.
  6654 | D:5      | Killed Grinder
  6654 | D:5      | Reached skill level 8 in Earth Magic
  6654 | D:5      | Reached XP level 8. HP: 45/46 MP: 4/11
  7314 | D:5      | Reached skill level 9 in Earth Magic
  7696 | D:5      | Found a bloodstained altar of Trog.
  8004 | D:6      | Found a hazy altar of Hepliaklqana.
  8228 | D:6      | Reached ** piety under Elyvilon
  8750 | D:6      | Reached skill level 10 in Earth Magic
  8904 | D:6      | Reached XP level 9. HP: 16/51 MP: 12/12
  8919 | D:5      | HP: 1/51 [orc/war axe (9)]
  8920 | D:5      | Slain by an orc

Skill      XL: |  1  2  3  4  5  6  7  8 |
---------------+-------------------------+-----
Spellcasting   | 2 |  2.0
Earth Magic    | 4 5 6 8 10 | 10.3
Conjurations   | 1 2 |  2.4
Dodging        | |  2.1
Stealth        | |  2.1
Transmutations | |  0.5

Action                   |  1- 3 |  4- 6 |  7- 9 || total
-------------------------+-------+-------+-------++-------
Melee: Unarmed           |     4 |       |       ||     4
       Dagger            |    14 |   159 |   308 ||   481
 Cast: Sandblast         |    55 |    14 |    29 ||    98
       Lee's Rapid Decon |       |       |     3 ||     3
Invok: Heal Other        |       |       |     1 ||     1
Evoke: Wand              |       |       |     1 ||     1
 Stab: Sleeping          |       |     5 |     2 ||     7
  Eat: Chunk             |     4 |     9 |     9 ||    22
       Ration            |       |       |     2 ||     2
Armor: Robe              |     1 |    30 |    48 ||    79
Dodge: Dodged            |    33 |   135 |   223 ||   391
